 Dungeon Crawl Stone Soup version 0.25-a0-1036-g6f112fb28d (webtiles) character file.

Game seed: 8622359937258499791, levelgen mode: deterministic

935 Maedhros the Insei (level 8, -8/51 HPs)
             Began as an Octopode Artificer on May 13, 2020.
             Was a Believer of Cheibriados.
             Mangled by Psyche
             ... wielding a +4 dagger of distortion
              (14 damage)
             ... on level 8 of the Dungeon.
             The game lasted 00:15:18 (1978 turns).

Maedhros the Insei (Octopode Artificer)             Turns: 1978, Time: 00:15:19

Health: -8/51      AC:  1    Str: 15    XL:     8   Next: 11%
Magic:  10/10      EV: 15    Int: 18    God:    Cheibriados [**....]
Gold:   251        SH:  0    Dex: 18    Spells: 4/7 levels left

rFire    . . .     SeeInvis +     - Unarmed
rCold    . . .     Gourm    .   (no shield)
rNeg     + . .     Faith    .   (helmet restricted)
rPois    .         Spirit   .   (no amulet)
rElec    .         Reflect  .   p - ring of see invisible
rCorr    .         Harm     .   x - ring of positive energy
MR       .....                  (no ring)
Stlth    ++........             (no ring)
HPRegen  0.17/turn              (no ring)
MPRegen  0.12/turn              (no ring)
                                (no ring)
                                (no ring)

@: confused, very slow
A: almost no armour, stealthy swim, amphibious, 8 rings, constrict 8, camouflage
1, gelatinous body 1
a: Bend Time, Renounce Religion


You were on level 8 of the Dungeon.
You worshipped Cheibriados.
Cheibriados was pleased with you.
You were not hungry.

You visited 2 branches of the dungeon, and saw 9 of its levels.

You collected 251 gold pieces.

Inventory:

Hand Weapons
 a - a +0 short sword
Missiles
 d - 6 boomerangs
 e - 62 stones (quivered)
Jewellery
 p - a ring of see invisible (left tentacle)
 x - a ring of positive energy (right tentacle)
Wands
 c - a wand of enslavement (9)
 q - a wand of paralysis (5)
 r - a wand of flame (14)
 u - a wand of digging (4)
Scrolls
 b - 2 scrolls of enchant weapon {unknown}
 g - a scroll of noise {unknown}
 h - 5 scrolls of remove curse {unknown}
 l - 2 scrolls of immolation {unknown}
 m - a scroll of amnesia {unknown}
 o - 2 scrolls of blinking {unknown}
 t - 3 scrolls of teleportation {unknown}
 v - 5 scrolls of identify {unknown}
 w - a scroll of fear {unknown}
Potions
 i - a potion of berserk rage {unknown}
 k - a potion of degeneration {unknown}
 n - a potion of lignification {unknown}
 s - 2 potions of heal wounds {unknown}
Comestibles
 f - 6 rations


   Skills:
 * Level 2.9 Fighting
 - Level 1.0 Short Blades
 * Level 3.5 Dodging
 - Level 4.0 Stealth
 * Level 6.9 Unarmed Combat
 + Level 1.3 Charms
 + Level 1.3 Ice Magic
 - Level 3.2 Evocations


You had 4 spell levels left.
You knew the following spells:

 Your Spells              Type           Power        Failure   Level  Hunger
a - Ozocubu's Armour      Chrm/Ice       #.......     36%         3    ####...

Your spell library contained the following spells:

 Spells                   Type           Power        Failure   Level  Hunger
 Freeze                   Ice            #...         13%         1    ##.....
 Frozen Ramparts          Ice            #.....       36%         3    ####...
 Hailstorm                Conj/Ice       #.......     86%         4    #####..
 Summon Ice Beast         Ice/Summ       #.......     86%         4    #####..


Dungeon Overview and Level Annotations

Branches:
Dungeon (8/15)             Temple (1/1) D:5
   Lair: D:8-11

Altars:
Ashenzari
Cheibriados
Dithmenos
Elyvilon
Fedhas
Hepliaklqana
Kikubaaqudgha
Makhleb
Okawaru
Qazlal
Ru
Sif Muna
Uskayaw
Vehumet
Wu Jian
Xom
Yredelemnul
The Shining One

Annotations:
D:8 2 transporters, Psyche; omer1ben's ghost, novice DrFE


Innate Abilities, Weirdness & Mutations

You cannot wear most types of armour.
You are very stealthy in the water. (Stealth+)
You are amphibious.
You can wear up to eight rings at the same time.
You can use your tentacles to constrict eight enemies at once.
Your skin changes colour to match your surroundings (Stealth+).
Your rubbery body absorbs attacks. (AC +1, EV +1)


Message History

Psyche creates a blast of freezing vapour!
Unknown command.
Unknown command.
Unknown command.
Unknown command.
Unknown command.
It was a potion of ambrosia.
You are more confused.
You feel invigorated.
You are engulfed in noxious fumes.
You choke on the stench!
You are more confused.
Psyche hits you with a +4 dagger of distortion.
Space warps horribly around you!!
* * * LOW HITPOINT WARNING * * *
Your hound is engulfed in noxious fumes.
Your hound appears confused.
Psyche hits you with a +4 dagger of distortion!
* * * LOW HITPOINT WARNING * * *
Space warps horribly around you!
You die...

####.#.##.###..#..
Y.%..............
##.......##...#
###>.........#
..#.####.....#
#h#.# #.##..#
#§#.####.##..#y#.
#§#..........#yy#
#@#.####.##.©#W.#
#@#.# #.# .#y.#
#S#.# #.# #y#.
##s#.# #.# .(
#.(..# #.# #
###### #.. ###


You could see Psyche (fast), a water moccasin, a scorpion and a friendly hound
(charmed, confused).

Vanquished Creatures
  Menkaure (D:4)
  An ice beast (D:5)
  2 ogres (D:5)
  A sky beast (D:8)
  A quasit (D:7)
  A centaur zombie (D:7)
  3 hounds
  2 orc wizards (D:5)
  2 bullfrog skeletons
  Jessica (D:2)
  An iguana (D:5)
  3 worker ants
  A hound skeleton (D:3)
  A howler monkey skeleton (D:5)
  5 adders
  4 dart slugs
  2 leopard geckos
  2 orcs
  3 giant cockroaches
  8 goblins
  3 hobgoblins
  6 jackals
  5 kobolds
  2 quokkas (D:2)
  A ball python (D:2)
  2 bats
  4 frilled lizards
  A jackal skeleton (D:3)
  2 rats
71 creatures vanquished.

Vanquished Creatures (collateral kills)
  An orc (D:5)
1 creature vanquished.

Vanquished Creatures (others)
  A worker ant (D:5)
  An adder skeleton (D:5)
2 creatures vanquished.

Grand Total: 74 creatures vanquished

Notes
Turn   | Place    | Note
-------+----------+-------------------------------------------
     0 | D:1      | Maedhros the Octopode Artificer began the quest for the
                  | Orb.
     0 | D:1      | Reached XP level 1. HP: 13/13 MP: 3/3
   152 | D:5      | Entered Level 5 of the Dungeon
   157 | D:5      | Noticed an orc wizard
   159 | D:5      | Killed an orc wizard
   159 | D:5      | Reached skill level 1 in Unarmed Combat
   159 | D:5      | Reached XP level 2. HP: 12/18 MP: 4/4
   159 | D:5      | Reached XP level 3. HP: 16/23 MP: 5/5
   177 | D:5      | Reached skill level 2 in Unarmed Combat
   177 | D:5      | Reached XP level 4. HP: 11/28 MP: 6/6
   211 | D:5      | Noticed an ogre
   224 | D:5      | Killed an ogre
   224 | D:5      | Reached skill level 3 in Unarmed Combat
   224 | D:5      | Reached XP level 5. HP: 19/33 MP: 7/7
   243 | D:5      | Reached skill level 4 in Unarmed Combat
   248 | D:5      | Found a staircase to the Ecumenical Temple.
   264 | Temple   | Entered the Ecumenical Temple
   290 | D:5      | Noticed an ogre
   294 | D:5      | Killed an ogre
   294 | D:5      | Reached skill level 5 in Unarmed Combat
   294 | D:5      | Reached XP level 6. HP: 26/38 MP: 8/8
   314 | D:5      | Found a shattered altar of Ashenzari.
   314 | D:5      | Found an ancient bone altar of Kikubaaqudgha.
   315 | D:5      | Found an iron altar of Okawaru.
   315 | D:5      | Found a white marble altar of Elyvilon.
   329 | D:5      | Found an ornate altar of the Wu Jian Council.
   369 | D:5      | Noticed an ice beast
   572 | D:5      | Killed an ice beast
   626 | Temple   | Became a worshipper of Xom of Bloodstained Whimsey
   641 | Temple   | Fell from the grace of Xom
   641 | Temple   | Became a worshipper of Cheibriados the Contemplative
   720 | D:4      | Reached skill level 6 in Unarmed Combat
   792 | D:3      | Reached XP level 7. HP: 43/43 MP: 9/9
   796 | D:3      | XOM: summons 2 hostile shadow creatures
   878 | D:2      | Noticed Jessica
   881 | D:2      | Killed Jessica
  1021 | D:1      | Reached * piety under Cheibriados
  1499 | D:4      | Learned a level 3 spell: Ozocubu's Armour
  1517 | D:4      | Noticed Menkaure
  1521 | D:4      | Killed Menkaure
  1710 | D:5      | Found a sacrificial altar of Ru.
  1741 | D:6      | Reached ** piety under Cheibriados
  1856 | D:7      | Reached skill level 1 in Ice Magic
  1883 | D:7      | Reached skill level 1 in Charms
  1946 | D:8      | Found a transporter.
  1949 | D:8      | Reached XP level 8. HP: 43/51 MP: 10/10
  1950 | D:8      | Found a transporter.
  1951 | D:8      | Noticed omer1ben's ghost (novice DrFE)
  1970 | D:8      | Noticed Psyche
  1978 | D:8      | Mangled by Psyche

Illustrated notes

Levels and vault maps discovered:
D:1:      dpeg_arrival_solitude, layout_basic, minmay_pentomino_w4
D:2:      layout_loops_ring, minmay_misc_feat_nine_boxes, uniq_jessica,
          uniq_terence
D:3:      layout_rooms, serial_undead, serial_undead_d, serial_undead_e,
          serial_undead_e, serial_undead_c,
          wander_ebering_terrifying_dragon_lair
D:4:      layout_cave_pools, first_ration, uniq_menkaure
D:5:      layout_basic, lemuel_crystal_altar, lemuel_doored_altar,
          chequers_temple_overflow_statue_of_worship,
          minmay_temple_entry_mini_moons, uniq_duvessa
D:6:      layout_basic, minmay_joined_circles
D:7:      black_bear_nest_2, layout_cave_pods, lemuel_round_altar
D:8:      layout_basic, kennysheep_mini, dpeg_oklobed_lair,
          gammafunk_ghost_hive, uniq_psyche
Temple:   minmay_temple_bridge_abc

Skill      XL: |  1  2  3  4  5  6  7 |
---------------+----------------------+-----
Stealth        | 4 |  4.0
Unarmed Combat | 1 2 3 5 6 |  6.9
Fighting       | 2 |  2.9
Dodging        | 3 |  3.5
Ice Magic      | 1 |  1.3
Charms         | 1 |  1.3
Short Blades   | |  1.0
Evocations     | |  3.2

Action                   |  1- 3 |  4- 6 |  7- 9 || total
-------------------------+-------+-------+-------++-------
Melee: Short sword       |    19 |    22 |    69 ||   110
       Constrict         |     7 |     8 |    28 ||    43
       Tentacles         |     5 |     8 |    27 ||    40
       Unarmed           |       |       |    37 ||    37
       Punch             |       |       |     8 ||     8
Throw: Stone             |       |       |     4 ||     4
Evoke: Wand              |     3 |    27 |     5 ||    35
  Use: Potion            |       |       |     1 ||     1
 Stab: Distracted        |     1 |     1 |     1 ||     3
       Sleeping          |       |     3 |     9 ||    12
  Eat: Chunk             |       |       |     2 ||     2
Armor: Skin              |     1 |       |     4 ||     5
Dodge: Dodged            |     7 |    16 |    74 ||    97

Table legend:
 A = Non-vault XP
 B = Vault XP
 C = Vault XP percentage of total XP
 D = Non-vault monster count
 E = Vault monster count
 F = Vault count percentage of total count
                 A         B        C        D         E       F
            +---------+---------+-------+---------+---------+-------
      Total |    1112 |     224 |  16.8 |      68 |       5 |   6.8
            +---------+---------+-------+---------+---------+-------
        D:1 |      27 |       0 |   0.0 |      14 |       0 |   0.0
        D:2 |      58 |      37 |  38.9 |      20 |       1 |   4.8
        D:3 |      41 |      22 |  34.9 |       8 |       3 |  27.3
        D:4 |     108 |     165 |  60.4 |       3 |       1 |  25.0
        D:5 |     561 |       0 |   0.0 |      13 |       0 |   0.0
        D:6 |      13 |       0 |   0.0 |       1 |       0 |   0.0
        D:7 |      99 |       0 |   0.0 |       6 |       0 |   0.0
        D:8 |     205 |       0 |   0.0 |       3 |       0 |   0.0
            +---------+---------+-------+---------+---------+-------
